 Dungeon Crawl Stone Soup version 0.23.1 (webtiles) character file.

Game seed: 3279936904721857822

211 Fang the Skirmisher (level 5, -3/34 HPs)
             Began as a Gargoyle Berserker on Mar 15, 2019.
             Was a Believer of Trog.
             Killed from afar by an orc wizard (7 damage)
             ... with a puff of frost
             ... on level 4 of the Dungeon.
             The game lasted 00:02:59 (2543 turns).

Fang the Skirmisher (Gargoyle Berserker)            Turns: 2543, Time: 00:03:00

Health: -3/34      AC: 11    Str: 22    XL:     5   Next: 88%
Magic:  5/5        EV: 11    Int:  7    God:    Trog [**....]
Gold:   157        SH:  0    Dex:  9    Spells: 4/4 levels left

rFire    . . .     SeeInvis .   a - +0 hand axe
rCold    . . .     Gourm    .   (no shield)
rNeg     + . .     Faith    .   m - +0 scale mail
rPois    ∞         Spirit   .   (no helmet)
rElec    +         Reflect  .   (no cloak)
rCorr    +         Harm     .   (no gloves)
MR       .....                  (no boots)
Stlth    ..........             (no amulet)
HPRegen  0.11/turn              i - ring of resist corrosion
MPRegen  0.09/turn              (no ring)

@: berserk cooldown, slowed, very slow
A: negative energy resistance 1, electricity resistance, unbreathing,
petrification resistance, rot immunity, AC +4
a: Berserk, Trog's Hand, Renounce Religion


You were on level 4 of the Dungeon.
You worshipped Trog.
Trog was pleased with you.
You were very hungry.

You visited 1 branch of the dungeon, and saw 4 of its levels.

You collected 157 gold pieces.

Inventory:

Hand Weapons
 a - a +0 hand axe (weapon)
Armour
 m - a +0 scale mail (worn)
Jewellery
 i - a ring of resist corrosion (left hand)
Scrolls
 d - 5 scrolls of identify {unknown}
 f - a scroll of amnesia {unknown}
 j - 4 scrolls of teleportation {unknown}
 k - 2 scrolls of magic mapping {unknown}
 p - a scroll of remove curse {unknown}
Potions
 b - 2 potions of lignification {unknown}
 e - a potion of agility {unknown}
 g - 4 potions of flight {unknown}
 h - 3 potions of degeneration {unknown}
 l - 2 potions of curing {unknown}
 n - a potion of heal wounds {unknown}
 q - a potion of ambrosia {unknown}
Comestibles
 c - 9 rations
 o - 9 chunks of flesh


   Skills:
 + Level 4.4 Fighting
 + Level 3.7 Axes
 + Level 3.7 Armour
 + Level 2.7 Dodging


You had 4 spell levels left.
You didn't know any spells.
Your spell library was empty.

Dungeon Overview and Level Annotations

Branches:
Dungeon (4/15)
 Temple: D:4-7

Altars:
Kikubaaqudgha


Innate Abilities, Weirdness & Mutations

You are resistant to torment.
Your stone body is resilient. (AC +4)
You are immune to poison.
You resist negative energy. (rN+)
You are resistant to electric shocks. (rElec)
You can survive without breathing.
You are immune to petrification.
You are immune to rotting.


Message History

You miss the orc wizard.
The phantom blinks!
The orc wizard hits you but does no damage.
You barely miss the orc wizard.
The orc wizard hits you but does no damage.
An iguana comes into view.
The orc wizard hits you but does no damage.
The iguana hisses angrily.
You hit the orc wizard but do no damage.
The orc wizard casts a spell at you. The puff of flame hits you.
* * * LOW HITPOINT WARNING * * *
You closely miss the orc wizard.
The orc wizard gestures wildly while chanting.
The orc wizard seems to speed up.
The orc wizard hits you but does no damage.
You barely miss the phantom. You miss the orc wizard.
The orc wizard hits you but does no damage.
The orc wizard gestures at you while chanting.
The puff of frost hits you!
You die...

#.. #.#.# #.#.# #####
#.#.#### .....#######
#.#.#... ...........#
#.#..#.. ......†....#
#.#..... ......W@...#
#§#.....
.......)o..######....###
...........'.......÷÷...
.......l...########..###
...........# #..#
.....##'#### #..# #####
#.# #..# #.. ...# ###.#


You could see a phantom, an iguana and an orc wizard.

Vanquished Creatures
  Terence (D:2)
  Natasha (D:2)
  A worker ant (D:4)
  4 gnolls (D:3)
  3 adders (D:2)
  A worm (D:3)
  2 dart slugs (D:1)
  3 leopard geckos
  3 orcs
  3 ball pythons
  2 giant cockroaches (D:1)
  5 goblins
  8 hobgoblins
  8 kobolds
  4 quokkas
  4 bats (D:1)
  4 frilled lizards
  3 rats
60 creatures vanquished.

Notes
Turn   | Place    | Note
-------+----------+-------------------------------------------
     0 | D:1      | Fang the Gargoyle Berserker began the quest for the Orb.
     0 | D:1      | Reached XP level 1. HP: 14/14 MP: 1/1
   145 | D:1      | Reached XP level 2. HP: 19/19 MP: 2/2
   560 | D:1      | Reached ** piety under Trog
   564 | D:1      | Reached XP level 3. HP: 21/23 MP: 3/3
  1108 | D:2      | Found a faded altar of an unknown god.
  1139 | D:2      | Noticed Terence
  1153 | D:2      | Killed Terence
  1153 | D:2      | Reached XP level 4. HP: 14/29 MP: 4/4
  1590 | D:2      | Noticed Natasha
  1594 | D:2      | Reached skill level 4 in Fighting
  1600 | D:2      | Killed Natasha
  1600 | D:2      | Reached XP level 5. HP: 22/33 MP: 5/5
  1952 | D:3      | Found an ancient bone altar of Kikubaaqudgha.
  2498 | D:4      | Noticed a phantom
  2543 | D:4      | Killed from afar by an orc wizard

Skill      XL: |  1  2  3  4 |
---------------+-------------+-----
Axes           | 3 |  3.7
Dodging        | 2 |  2.7
Armour         | 3 |  3.7
Fighting       | 4 |  4.4

Action                   |  1- 3 |  4- 6 || total
-------------------------+-------+-------++-------
Melee: Hand axe          |   107 |   102 ||   209
Invok: Berserk           |       |     2 ||     2
  Eat: Chunk             |     1 |     5 ||     6
Armor: Animal skin       |    39 |       ||    39
       Scale mail        |       |    57 ||    57
Dodge: Dodged            |    72 |    61 ||   133
